AoeStats
← Attila the Hun

Pilgrims

509903660Analyzed
4v4 RM · 5d ago on Sep 28, 2026· 23m 4s· 8 players
Game mode
Random Map
Map size
Large (8 player)
Population
200
Speed
Normal
Resources
Standard
Victory
Conquest
Starting age
Dark Age
Ending age
Imperial Age
RankedLock teamsTeams togetherTeam positionsShared explorationLock speedFull tech treeHidden civsTurbo modeCheats
Victory
Defeat
🇫🇷 Franks · France
1064
+17
🇵🇱 Varangians · Poland
1064
+17
🇫🇷 Cumans · France
1052
+17
🇩🇪 Mongols · Germany
1043
+18
🇨🇭 Chinese · Switzerland
1109
-18
🇪🇸 Khmer · Spain
1108
-19
🇹🇼 Poles · Taiwan
1078
-17
🇸🇪 Danes · Sweden
1034
-15
LArcadia49
4:31 Loom
11:55 Feudal Age
13:15 Double-Bit Axe
20:57 Castle Age
19:13 Scale Barding Armor
19:19 Forging
19:21 Horse Collar
21:30 Bloodlines
Attila the Hun
6:25 Loom
11:57 Feudal Age
15:04 Gold Mining
17:38 Wheelbarrow
17:21 Padded Archer Armor
20:09 Double-Bit Axe
21:02 Fishing Lines
theDude
10:09 Feudal Age
10:41 Town Watch
16:44 Castle Age
15:20 Double-Bit Axe
16:42 Fletching
17:03 Loom
18:32 Bow Saw
18:40 Bloodlines
19:39 Husbandry
22:05 Gold Mining
kubeszek
8:11 Loom
12:15 Feudal Age
12:56 Double-Bit Axe
13:07 Fishing Lines
19:07 Castle Age
17:01 Gold Mining
17:01 Stone Mining
17:07 Fletching
18:53 Forging
20:11 Bodkin Arrow
21:10 Gillnets
22:01 Gambesons
22:54 Iron Casting
22:19 Scale Mail Armor
23:03 Bow Saw
23:32 Squires
MrMulugulu
4:27 Loom
13:19 Feudal Age
18:46 Castle Age
17:45 Horse Collar
18:42 Double-Bit Axe
20:59 Fletching
22:09 Bodkin Arrow
23:45 Forging
Ace
8:02 Loom
12:24 Feudal Age
16:26 Castle Age
15:15 Fishing Lines
15:43 Stone Mining
21:22 Double-Bit Axe
23:51 Bow Saw
Kvintus pappa
9:05 Loom
10:52 Feudal Age
11:30 Double-Bit Axe
11:34 Horse Collar
13:46 Fishing Lines
15:47 Forging
17:32 Fletching
20:54 Castle Age
19:17 Scale Mail Armor
22:12 Bow Saw
22:02 Heavy Plow
21:38 Man-at-Arms
22:04 Gambesons
22:19 Squires
22:04 Arson
22:56 Iron Casting
22:36 Chain Mail Armor
XiaoZhan
11:08 Loom
13:32 Feudal Age
15:22 Double-Bit Axe
20:12 Castle Age
19:41 Wheelbarrow
19:01 Horse Collar
21:20 Scale Barding Armor
22:51 Bow Saw
23:22 Husbandry
Connection lost

Rejoining the realm…

Still unreachable

The connection could not be restored.

Session expired

The server has moved on; the page needs a fresh start.